 Dungeon Crawl Stone Soup version 0.29-a0-344-ge2f44be95a (webtiles) character file.

Game seed: 3717719691797234009

89 Enlil the Sneak (level 4, -8/30 HPs)
             Began as a Vampire Enchanter on Apr 22, 2022.
             Killed by nerve-wracking pain
             ... invoked by Grinder
              (13 damage)
             ... on level 3 of the Dungeon.
             The game lasted 00:16:20 (1742 turns).

Enlil the Sneak (Vampire Enchanter)                 Turns: 1742, Time: 00:16:20

Health: -8/30      AC:  5    Str:  7    XL:     4   Next: 31%
Magic:  5/7        EV: 10    Int: 17    God:
Gold:   85         SH:  0    Dex: 16    Spells: 0/7 levels left

rFire   + . .      SeeInvis +   a - +1 dagger
rCold   . . .      Faith    .   (no shield)
rNeg    . . .      Spirit   .   i - +0 ring mail
rPois   .          Reflect  .   (no helmet)
rElec   .          Harm     .   (no cloak)
rCorr   .          Rampage  .   (no gloves)
Will    .....                   (no boots)
Stlth   +++.......              o - amulet of regeneration
HPRegen 1.10/turn               g - ring of protection from fire
MPRegen 0.10/turn               (no ring)

@: very slightly contaminated, healing quickly, invisible
A: alive, fangs 3, see invisible, vampiric 2
a: Exsanguinate


You were on level 3 of the Dungeon.
You visited 1 branch of the dungeon, and saw 3 of its levels.

You collected 85 gold pieces.

Inventory:

Hand Weapons
 a - a +1 dagger (weapon)
Missiles
 d - 5 poisoned darts (quivered)
Armour
 i - a +0 ring mail (worn)
Magical Staves
 f - a staff of poison
Jewellery
 g - a ring of protection from fire (left hand)
 o - an amulet of regeneration (around neck)
Wands
 p - a wand of flame (16)
Scrolls
 e - 2 scrolls of immolation
 h - a scroll of teleportation
 n - a scroll of fog {unknown}
Potions
 b - 2 potions of magic
 c - a potion of invisibility
 j - a potion of curing {unknown}
 k - a potion of heal wounds {unknown}
 l - a potion of mutation {unknown}
 m - a potion of berserk rage {unknown}


   Skills:
 + Level 0.1 Fighting
 + Level 1.7 Short Blades
 + Level 0.1 Armour
 + Level 3.2 Dodging
 + Level 5.9 Stealth
 + Level 2.1 Spellcasting
 + Level 5.0 Hexes
 + Level 0.2 Air Magic


You couldn't memorise any spells.
You knew the following spells:

 Your Spells              Type           Power      Damage    Failure   Level
a - Poisonous Vapours     Pois/Air       4%         N/A       69%         2
b - Corpse Rot            Necr/Air       4%         N/A       69%         2
c - Confusing Touch       Hex            18%        N/A       26%         3

Your spell library contained the following spells:

 Spells                   Type           Power      Damage    Failure   Level
 Tukima's Dance           Hex            18%        N/A       26%         3
 Ensorcelled Hibernation  Hex/Ice        20%        N/A       36%         2
 Dazzling Flash           Conj/Hex       20%        N/A       58%         3


Dungeon Overview and Level Annotations

Branches:
Dungeon (3/15)

Altars:

Annotations:
D:3 Grinder


Innate Abilities, Weirdness & Mutations

Your natural rate of healing is accelerated.
You have razor-sharp teeth.
You have supernaturally acute eyesight. (SInv)
You are afflicted with vampirism and can become a bat while bloodless.


Message History

The spell is quite dangerous to miscast (26% risk of failure)!
Continue anyway?
Uppercase [Y]es or [N]o only, please.
The spell is quite dangerous to miscast (26% risk of failure)!
Continue anyway? [Y]es or [N]o only, please.
The spell is quite dangerous to miscast (26% risk of failure)!
Continue anyway?
You miscast Confusing Touch.
You are very lightly contaminated with residual magic.
You feel enfeebled.
You feel yourself slow down. Grinder barely misses you.
You barely miss Grinder. You bite Grinder.
Grinder is lightly wounded.
Grinder closely misses you.
You hit Grinder but do no damage.
Grinder is lightly wounded.
Grinder gestures at you.
You barely resist. Grinder hits you.
You writhe in agony.
You hit Grinder.
Grinder is lightly wounded.
Grinder closely misses you.
You hit Grinder.
Grinder is lightly wounded.
Grinder hits you.
You writhe in agony.
Grinder hits you.
You writhe in agony.
You hit Grinder.
Grinder is lightly wounded.
Grinder closely misses you.
You barely miss Grinder.
Grinder is lightly wounded.
Grinder misses you.
You closely miss Grinder.
Grinder is lightly wounded.
Grinder hits you.
You writhe in agony.
Grinder closely misses you.
You fade into invisibility!
You feel yourself speed up. Grinder hits you.
You writhe in agony.
* * * LOW HITPOINT WARNING * * *
You see here a +0 war axe.
Grinder gestures at something.
Pain shoots through your body!
* * * LOW HITPOINT WARNING * * *
Grinder gestures at you. Pain shoots through your body!
You die...

##...####.......†.#
##..# ##.......##
##.######.....##
##.#.........##
#....######.##
##.#.# #.# #.#.#
#.# #.# # #@# #.#
#)# #5####.#
#......# ########


You could see Grinder (can't see you).

Vanquished Creatures
  4 adders
  A worm (D:2)
  3 bats
  6 endoplasms (D:1)
  5 giant cockroaches
  7 hobgoblins
  4 jackals (D:1)
  5 kobolds
  2 quokkas (D:1)
  2 ball pythons (D:1)
  A frilled lizard (D:2)
  A goblin (D:2)
  6 rats
47 creatures vanquished.

Notes
Turn   | Place    | Note
-------+----------+-------------------------------------------
     0 | D:1      | Enlil the Vampire Enchanter began the quest for the Orb.
     0 | D:1      | Reached XP level 1. HP: 13/13 MP: 3/3
   199 | D:1      | Reached XP level 2. HP: 15/19 MP: 5/5
   378 | D:1      | Learned a level 2 spell: Poisonous Vapours
   487 | D:1      | Learned a level 2 spell: Corpse Rot
   569 | D:1      | Reached skill level 5 in Stealth
   653 | D:1      | Reached skill level 5 in Hexes
   740 | D:1      | Gained mutation: You are afflicted with vampirism and can
                  | become a bat while bloodless. [Vampire growth]
   740 | D:1      | Reached XP level 3. HP: 23/24 MP: 6/6
  1258 | D:2      | Reached XP level 4. HP: 27/30 MP: 7/7
  1270 | D:2      | Learned a level 3 spell: Confusing Touch
  1558 | D:2      | Found a faded altar of an unknown god.
  1727 | D:3      | Noticed Grinder
  1728 | D:3      | Paralysed by Grinder for 2 turns
  1742 | D:3      | Killed from afar by Grinder

Illustrated notes

Levels and vault maps discovered:
D:1:      psy_arrival_whirlpool, layout_loops_ring
D:2:      layout_loops_ring, hellmonk_ecumenical_altar_leap_of_faith,
          hangedman_feature_mirror
D:3:      layout_loops_corners, serial_shops, nicolae_shop_trees, uniq_pargi,
          uniq_grinder, uniq_crazy_yiuf_cottage

Skill      XL: |  1  2  3 |
---------------+----------+-----
Stealth        | 5 |  5.9
Hexes          | 5 |  5.0
Dodging        | 3 |  3.2
Fighting       | |  0.1
Short Blades   | |  1.7
Armour         | |  0.1
Spellcasting   | |  2.1
Air Magic      | |  0.2

Action                   |  1- 3 |  4- 6 || total
-------------------------+-------+-------++-------
Melee: Dagger            |   134 |    48 ||   182
       Bite              |    15 |     5 ||    20
       Punch             |     4 |       ||     4
 Cast: Poisonous Vapours |     2 |       ||     2
  Use: Scroll            |     5 |       ||     5
       Potion            |     1 |     1 ||     2
 Stab: Sleeping          |    10 |     2 ||    12
Armor: Robe              |    21 |       ||    21
       Ring mail         |    17 |    23 ||    40
Dodge: Dodged            |    63 |    31 ||    94

Table legend: (Time is in decaauts)
 A = Elapsed time spent in this place.
 B = Non-inter-level travel time spent in this place.
 C = Inter-level travel time spent in this place.
 D = Time resting spent in this place.
 E = Time spent auto-exploring this place.
 F = Levels seen in this place.
 G = Mean time per level.
                   A        B        C        D        E       F      G
               +--------+--------+--------+--------+--------+-----+--------+
         Total |   1733 |   1733 |      0 |    257 |    492 |   3 |  577.7 |
       Dungeon |   1733 |   1733 |      0 |    257 |    492 |   3 |  577.7 |
               +--------+--------+--------+--------+--------+-----+--------+

Top non-repeatable levels by time:
     D:1: 845 daAuts
     D:2: 782 daAuts
     D:3: 105 daAuts
